 Dungeon Crawl Stone Soup version 0.21.1-1-g345015f (webtiles) character file.

53 inc the Scratcher (level 3, -1/17 HPs)
             Began as a Felid Monk on Mar 14, 2018.
             Slain by a worker ant (5 damage)
             ... on level 4 of the Dungeon.
             The game lasted 00:01:36 (1792 turns).

inc the Scratcher (Felid Monk)                      Turns: 1792, Time: 00:01:37

Health: -1/17      AC:  1    Str:  7    XL:     3   Next: 62%
Magic:  4/4        EV: 20    Int: 11    God:
Gold:   68         SH:  0    Dex: 19    Spells: 2/2 levels left
                                        Lives:  0   Deaths: 0

rFire    . . .     SeeInvis +     - Unarmed
rCold    . . .     Gourm    .   (shield unavailable)
rNeg     . . .     Faith    .   (armour unavailable)
rPois    .         Spirit   .   (helmet unavailable)
rElec    .         Reflect  .   (cloak unavailable)
rCorr    .         Harm     .   (gloves unavailable)
MR       .....                  (boots unavailable)
Stlth    +++.......             (no amulet)
HPRegen  0.05/turn              (no ring)
MPRegen  0.09/turn              (no ring)

@: quick
A: very small, no armour, no weapons or thrown items, stealth, claws 1, fangs 3,
see invisible, carnivore, speed 1, shaggy fur 1, slow metabolism 1, sharp paws
a: no special abilities


You were on level 4 of the Dungeon.
You were not hungry.

You visited 1 branch of the dungeon, and saw 4 of its levels.

You collected 68 gold pieces.

Inventory:

Scrolls
 b - 2 scrolls of fear {unknown}
 f - 2 scrolls of teleportation {unknown}
 h - a scroll of remove curse {unknown}
 i - a scroll of identify {unknown}
Potions
 c - a potion of mutation {unknown}
 d - a potion of flight {unknown}
 e - a potion of magic {unknown}
 g - a potion of berserk rage {unknown}
 j - a potion of lignification {unknown}
Comestibles
 a - 4 rations


   Skills:
 - Level 3.0 Fighting
 - Level 4.0 Dodging
 - Level 2.6 Stealth
 + Level 4.7 Unarmed Combat


You had 2 spell levels left.
You didn't know any spells.

Dungeon Overview and Level Annotations

Branches:
Dungeon (4/15)
 Temple: D:4-7

Altars:
Okawaru

Annotations:
D:2 Robin


Innate Abilities, Weirdness & Mutations

You cannot wear armour.
You are incapable of wielding weapons or throwing items.
Your paws allow you to move quietly. (Stealth)
You have sharp claws.
You have razor-sharp teeth.
You have supernaturally acute eyesight. (SInv)
You are carnivorous and can eat meat at any time.
You cover ground quickly.
You are covered in fur. (AC +1)
You have a slow metabolism.
Your sharp claws are effective at attacking unaware monsters.


Message History

You scratch the worker ant.
The worker ant is moderately wounded.
The worker ant bites you.
You scratch the worker ant but do no damage.
The worker ant is moderately wounded.
The worker ant closely misses you.
You scratch the worker ant.
The worker ant is moderately wounded.
The worker ant misses you.
You scratch the worker ant but do no damage.
The worker ant is moderately wounded.
The worker ant bites you.
* * * LOW HITPOINT WARNING * * *
You scratch the worker ant.
The worker ant is severely wounded.
The worker ant barely misses you.
You scratch the worker ant but do no damage.
The worker ant is severely wounded.
The worker ant bites you.
You die...

.........#####.#.#.#
#.######...........#
#..####.#.### #..#
#... #..# .#
......#.# #####.#.##
#.#..###..#.
#.#.@a......
#.##.###..## #.# #
#.# #.# #.. ##. .


You could see a worker ant.

Vanquished Creatures
  A gnoll (D:3)
  An adder zombie (D:4)
  A dart slug (D:2)
  2 leopard geckos
  2 orcs
  A giant cockroach (D:2)
  6 goblins
  3 hobgoblins (D:2)
  A quokka (D:4)
  4 bats
  2 frilled lizards
  6 kobolds
  4 rats
34 creatures vanquished.

Vanquished Creatures (others)
  7 toadstools (D:3)
7 creatures vanquished.

Grand Total: 41 creatures vanquished

Notes
Turn   | Place    | Note
-------+----------+-------------------------------------------
     0 | D:1      | inc the Felid Monk began the quest for the Orb.
     0 | D:1      | Reached XP level 1. HP: 10/10 MP: 2/2
   431 | D:1      | Reached XP level 2. HP: 13/14 MP: 3/3
  1292 | D:2      | Noticed Robin
  1297 | D:2      | Reached XP level 3. HP: 15/17 MP: 4/4
  1751 | D:4      | Found an iron altar of Okawaru.
  1765 | D:4      | Noticed a phantom
  1792 | D:4      | Slain by a worker ant

Skill      XL: |  1  2 |
---------------+-------+-----
Unarmed Combat | 4 |  4.7
Fighting       | |  3.0
Dodging        | |  4.0
Stealth        | |  2.6

Action                   || total
-------------------------++-------
Melee: Unarmed           ||    98
       Bite              ||     7
       Punch             ||     3
 Stab: Sleeping          ||     9
  Eat: Chunk             ||     3
Armor: Skin              ||     7
Dodge: Dodged            ||    66
